[Event "*** Titled Tuesday Blitz"]
[Site "Chess.com"]
[Date "2021.02.16"]
[Round "4"]
[White "seorobert1971"]
[Black "Salem-AR"]
[Result "1/2-1/2"]
[WhiteElo "2720"]
[BlackElo "2909"]
[TimeControl "180+1"]
[EndTime "10:42:47 PST"]
[Termination "Game drawn - insufficient material"]

1. d4 Nf6 2. c4 g6 3. Nc3 d5 4. Bg5 Ne4 5. Bh4 Nxc3 6. bxc3 dxc4 7. e3 Be6 8. Nh3 Bh6 9. Bg5 Bxg5 10. Nxg5 Bd5 11. e4 h6 12. exd5 hxg5 13. Bxc4 Qd6 14.
Qb3 b6 15. g3 Kf8 16. O-O Nd7 17. Rae1 Nf6 18. f3 Kg7 19. Re5 Rh5 20. Rfe1 Rah8 21.
R1e2 Nd7 22. Rxe7 Rxh2 23. Rxh2 Qxe7 24. Rxh8 Qe1+ 25. Kg2 Qd2+ 26. Kg1 Kxh8 27. Qa3 Qe3+ 28. Kg2 Kg7 29. Qxa7 Qd2+ 30. Kg1 Qxc3 31. Qxc7 Qxd4+ 32. Kg2 Ne5 33. Be2 Qxd5 34. Qxb6 Qxa2 35. Qe3 Qb2 36.
Kf2 Kf6 37. Kf1 Qb1+ 38. Kg2 Qb2 39. Kf1 Qa1+ 40. Kg2 Qa5 41. f4 gxf4 42. gxf4 Nd7 43. Qd4+ Ke7 44. Bc4 Qf5 45. Kf3 Qh3+ 46. Kf2 Qh4+ 47.
Kf3 Qh1+ 48. Kf2 Qh3 49. Qe3+ Qxe3+ 50. Kxe3 Nc5 51. Kd4 Ne6+ 52. Ke3 Ng7 53. Ke4 Nf5 54. Bb3 Nd6+ 55. Ke5 f6+ 56. Kd4 Nf5+ 57. Ke4 Kd6 58.
Bf7 Ne7 59. Bxg6 Nxg6 60. Kf5 Nxf4 61. Kxf6 1/2-1/2

[Event "*** Titled Tuesday Blitz"]
[Site "Chess.com"]
[Date "2021.02.16"]
[Round "4"]
[White "Rsnr"]
[Black "Deepweb2020"]
[Result "1-0"]
[WhiteElo "2782"]
[BlackElo "2526"]
[TimeControl "180+1"]
[EndTime "10:42:47 PST"]
[Termination "Rsnr won on time"]

1. d4 Nf6 2. c4 e6 3. Nf3 Bb4+ 4. Nbd2 b6 5. a3 Bxd2+ 6. Qxd2 Bb7 7. e3 O-O 8. Be2 d6 9. O-O Nbd7 10. b4 Qe7 11.
Bb2 Ne4 12. Qc2 f5 13. d5 e5 14. Nd2 Ndf6 15. Nxe4 Nxe4 16. f3 Nf6 17. a4 a5 18.
bxa5 Rxa5 19. Bc3 Ra7 20. a5 bxa5 21. Rxa5 Rxa5 22. Bxa5 g6 23. Rb1 Bc8 24. Qa4 f4 25. e4 g5 26. Qc6 Ne8 27. Rb8 Bd7 28. Qb7 h5 29. Bxc7 Nxc7 30. Rxf8+ Qxf8 31. Qxc7 Qa8 32. Qxd7 Qa1+ 33. Bf1 Qd4+ 34. Kh1 Qf2 35. Qc8+ Kg7 36. Qd7+ Kh8 37. Qe8+ Kh7 38. Qxh5+ Kg8 39. Qg6+ Kh8 40. Qh6+ Kg8 41. Qxg5+ Kh8 42. Qd8+ Kh7 43. Qc7+ Kh8 44. Qb8+ Kh7 45. Qb1 Kh6 46. Qc1 Kg5 47.
c5 dxc5 48. Qd1 c4 49. Bxc4 Kh4 50. d6 1-0

[Event "*** Titled Tuesday Blitz"]
[Site "Chess.com"]
[Date "2021.02.16"]
[Round "4"]
[White "sergivila"]
[Black "The_Machine04"]
[Result "1/2-1/2"]
[WhiteElo "2304"]
[BlackElo "2443"]
[TimeControl "180+1"]
[EndTime "10:42:47 PST"]
[Termination "Game drawn by repetition"]

1. e4 d6 2. d4 Nf6 3. Nc3 e5 4. Nge2 Nc6 5. g3 Bg4 6. Qd3 a6 7. Bg2 g6 8. O-O Bg7 9. h3 Bd7 10. Bg5 h6 11. Be3 O-O 12. Rad1 Re8 13. f4 exd4 14.
Nxd4 Nxd4 15. Bxd4 Bc6 16. Rfe1 Nd7 17. Bxg7 Kxg7 18. e5 Nc5 19. Qd4 Ne6 20. Qf2 Bxg2 21. Kxg2 Qd7 22. exd6 cxd6 23. Rd2 Qc6+ 24. Kh2 Rad8 25.
Red1 b5 26. f5 Ng5 27. Nd5 Qc5 28. Qf4 Re5 29. fxg6 f5 30. Nc3 Qe3 31. Qxe3 Rxe3 32. Rxd6 Rxd6 33. Rxd6 Ne4 34. Nxe4 fxe4 35. Rxa6 Re2+ 36.
Kg1 Rxc2 37. b3 e3 38. Kf1 Rf2+ 39. Ke1 Rh2 40. a4 bxa4 41. bxa4 Rxh3 42. g4 Rg3 43. Ke2 Rxg4 44. Kxe3 h5 45. Kf3 Rb4 46. a5 Ra4 47. Kg3 Kh6 48. Kh3 Kg7 49. Kg3 Kh6 50. Kh2 Kg7 51. Kg3 1/2-1/2

[Event "*** Titled Tuesday Blitz"]
[Site "Chess.com"]
[Date "2021.02.16"]
[Round "4"]
[White "ENajer77"]
[Black "Politov_Pavel"]
[Result "1-0"]
[WhiteElo "2623"]
[BlackElo "2412"]
[TimeControl "180+1"]
[EndTime "10:42:48 PST"]
[Termination "ENajer77 won on time"]

1. d4 Nf6 2. c4 g6 3. Nc3 Bg7 4. e4 d6 5. Be2 O-O 6. Be3 e5 7.
d5 a5 8. g4 Kh8 9. h4 Ng8 10. h5 g5 11. h6 Nxh6 12. Nf3 f6 13.
Nd2 Na6 14. Nf1 Kg8 15. Ng3 Nc5 16. f3 c6 17. Qd2 cxd5 18. cxd5 Bd7 19. O-O-O Rc8 20.
Kb1 Qe8 21. Rh2 Nf7 22. Rdh1 h6 23. Nf5 b5 24. Nd1 b4 25. Nf2 a4 26. Nd3 b3 27. Nxd6 bxa2+ 28. Kxa2 Nb3 29. Nxe8 Nxd2 30. Nxg7 Nc4 31. Nh5 Nxe3 32. Nxf6+ Kg7 33. Nxd7 Rfd8 34. N7c5 Rd6 35. Rc1 Rb8 36. Rhh1 a3 37. b3 Ng2 38. Rc4 Kf6 39. Rhc1 h5 40. gxh5 g4 41. fxg4 Ng5 42.
Rf1+ Kg7 43. Nxe5 Ne3 44. Rf5 Nxf5 45. gxf5 Re8 46. Ne6+ Kf6 47. Ng4+ Ke7 48. Nxg5 Rg8 49. f6+ Ke8 50. Rc8+ Kd7 51. Rxg8 1-0

[Event "*** Titled Tuesday Blitz"]
[Site "Chess.com"]
[Date "2021.02.16"]
[Round "4"]
[White "kingofthenil"]
[Black "adriangschnitzer"]
[Result "1-0"]
[WhiteElo "2676"]
[BlackElo "2482"]
[TimeControl "180+1"]
[EndTime "10:42:50 PST"]
[Termination "kingofthenil won by resignation"]

1. e4 c5 2. d3 Nc6 3. g3 Nf6 4. Bg2 d5 5. exd5 Nxd5 6. Nf3 g6 7. O-O Bg7 8. Nbd2 O-O 9. Re1 Re8 10. c3 e5 11. Nc4 b5 12. Ne3 Bb7 13. Nxd5 Qxd5 14. Nxe5 Qxg2+ 15. Kxg2 Nxe5+ 16. Kf1 Nf3 17. Re3 Nxh2+ 18. Ke1 Bf3 19. Qb3 Bh6 20. Qxb5 Bxe3 21.
Bxe3 Rac8 22. Kd2 Ng4 23. Re1 c4 24. Bd4 Rxe1 25. Kxe1 cxd3 26. Qxd3 Re8+ 27. Kd2 Be4 28. Qe2 Nh2 29. Kc1 a6 30. Qe3 Nf3 31. Qh6 Nxd4 32. cxd4 Rc8+ 33. Kd2 f5 34. Qg5 Rc2+ 35. Ke3 Rxb2 36.
Qe7 Rc2 37. Kf4 Rxf2+ 38. Kg5 f4 39. Kh6 Rh2+ 40. Kg5 fxg3 41. Qxe4 g2 42. Qd5+ Kf8 43. Qd8+ Kf7 44. Qf6+ Kg8 45. Qe6+ Kg7 46. Qe5+ Kf7 47.
Qxh2 h6+ 48. Kxh6 Ke6 49. Qg1 Kd5 50. Qxg2+ Kxd4 51. Qxg6 Kc4 52. Qxa6+ Kb4 53. Qd3 Ka4 54. Qb3+ Ka5 55. a4 1-0

[Event "*** Titled Tuesday Blitz"]
[Site "Chess.com"]
[Date "2021.02.16"]
[Round "4"]
[White "Grammnik"]
[Black "IwkooO"]
[Result "0-1"]
[WhiteElo "2371"]
[BlackElo "2621"]
[TimeControl "180+1"]
[EndTime "10:42:51 PST"]
[Termination "IwkooO won by resignation"]

1. d4 Nf6 2. Nf3 g6 3. c4 Bg7 4. Nc3 d5 5. cxd5 Nxd5 6. e4 Nxc3 7. bxc3 c5 8. Rb1 O-O 9. Be2 b6 10. O-O Bb7 11. Qd3 Ba6 12. Qe3 Bxe2 13. Qxe2 Nc6 14.
dxc5 bxc5 15. Be3 Bxc3 16. Bxc5 Rc8 17. Rfd1 Qa5 18. Rd5 Qa4 19. h4 Rfd8 20. h5 e6 21.
Rxd8+ Rxd8 22. hxg6 hxg6 23. g3 Qa5 24. Qc4 Ne5 25.
Nxe5 Bxe5 26. Be3 Kg7 27. Kg2 Rd7 28. Rb5 Qa6 29. Qb4 Bf6 30. Ra5 Qd3 31. Rxa7 Be7 32. Qb2+ Bf6 33. Rxd7 Qxe4+ 34. f3 Qxe3 35. Qb7 Qe2+ 36.
Kg1 Bd4+ 37. Rxd4 Qe3+ 38. Kg2 Qxd4 39. Qb3 e5 40. a4 f5 41. Qa2 Qa7 42. a5 Kf6 43. a6 g5 44. Qa5 g4 45. fxg4 fxg4 46. Qb5 Qa8+ 47. Qb7 Qg8 48. a7 Qa2+ 49. Kf1 Qa1+ 50.
Ke2 Qa2+ 51. Kd1 Qa1+ 52. Kc2 Qa2+ 53. Kc3 Qa3+ 54. Kc4 Qc1+ 55. Kd5 Qh1+ 56. Kd6 Qxb7 0-1

[Event "*** Titled Tuesday Blitz"]
[Site "Chess.com"]
[Date "2021.02.16"]
[Round "4"]
[White "rozabaku"]
[Black "korkmaz16"]
[Result "1-0"]
[WhiteElo "2217"]
[BlackElo "2381"]
[TimeControl "180+1"]
[EndTime "10:42:52 PST"]
[Termination "rozabaku won on time"]

1. d4 d5 2. c4 e5 3. dxe5 d4 4. a3 Nc6 5. Nf3 Nge7 6. e3 Bg4 7. Be2 dxe3 8. Bxe3 Qxd1+ 9. Bxd1 O-O-O 10. O-O Ng6 11. Nc3 Ncxe5 12. Nxe5 Nxe5 13. Bxg4+ Nxg4 14. Bg5 f6 15. Bc1 Bc5 16. b4 Bd4 17. Bb2 Rhe8 18.
Rad1 Ne5 19. Na4 Bxb2 20. Nxb2 c5 21. h3 Kc7 22. f3 Nc6 23. bxc5 Nd4 24. Rf2 Ne2+ 25.
Kf1 Nf4 26. Rfd2 Rxd2 27. Rxd2 Re5 28. Na4 Ne6 29. Nc3 Nxc5 30. Nb5+ Kb6 31. Rd6+ Ka5 32. Nxa7 Re3 33. Nb5 Nd3 34. g3 Rxf3+ 35. Kg2 Re3 36. Kf1 Rxg3 37. h4 Ne5 38. Rd5 Nxc4 39. Nd6+ Kb6 40.
Nxc4+ Kc6 41. Rd2 Rg4 42. Ne3 Rxh4 43. Kg2 Re4 44. Kf3 Ra4 45. Rd3 b5 46. Nc2 g6 47.
Nb4+ Kc7 48. Nd5+ Kd6 49. Nxf6+ Ke5 50. Nxh7 Rh4 51. Ng5 Kf5 52. Nf7 Rh3+ 53. Ke2 Rh2+ 54. Ke3 Rh3+ 55. Kd4 g5 56. Rxh3 1-0

[Event "*** Titled Tuesday Blitz"]
[Site "Chess.com"]
[Date "2021.02.16"]
[Round "4"]
[White "AliKa2810"]
[Black "bocah_sakit"]
[Result "1-0"]
[WhiteElo "2558"]
[BlackElo "2834"]
[TimeControl "180+1"]
[EndTime "10:42:53 PST"]
[Termination "AliKa2810 won by resignation"]

1. d4 Nf6 2. c4 g6 3. Nc3 Bg7 4. e4 d6 5. h3 O-O 6. Be3 e5 7. d5 c6 8. Nf3 cxd5 9. cxd5 a5 10. Be2 Na6 11. O-O Nh5 12. Re1 Nc5 13. Nd2 Nf4 14.
Nc4 f5 15. Bxc5 dxc5 16. Bf3 a4 17. Kh2 Qh4 18. exf5 Bxf5 19. Bg4 Qxf2 20. Qd2 Qxd2 21.
Nxd2 Bxg4 22. hxg4 Nd3 23. Re2 Nxb2 24. Rb1 a3 25. Nde4 b6 26. d6 Nc4 27. g5 Rad8 28.
Nb5 Rf4 29. Rc1 Nb2 30. Nxa3 Nd3 31. Rd1 Nb4 32. Nc4 b5 33. Na5 c4 34. Nb7 Rd7 35.
Nec5 Rff7 36. Nxd7 Rxd7 37. Nc5 Rd8 38. d7 Nd3 39.
Nxd3 cxd3 40. Rxd3 Kf7 41. Red2 Ke7 42. Rb3 e4 43.
Rxb5 e3 44. Rd3 e2 45. Re3+ Kxd7 46. Rd5+ Kc7 47. Rxd8 Kxd8 48. Rxe2 Bf8 49. Kg3 Be7 50.
Kf4 Bd6+ 51. Kg4 Ba3 52. Re3 Bc5 53. Rb3 Ke7 54. Rb7+ Ke6 55. Rxh7 Bf8 56. Rb7 Bd6 57.
a4 Kd5 58. Rd7 Kc6 59. Rxd6+ Kxd6 60. Kf4 Kc6 61. Ke5 Kb6 62. Kf6 Ka5 63. Kxg6 Kxa4 64.
Kh7 Kb5 65. g6 Kc6 66. g7 Kd6 67. g8=Q Ke5 1-0

[Event "*** Titled Tuesday Blitz"]
[Site "Chess.com"]
[Date "2021.02.16"]
[Round "4"]
[White "Fiona"]
[Black "atalz0"]
[Result "0-1"]
[WhiteElo "2129"]
[BlackElo "2398"]
[TimeControl "180+1"]
[EndTime "10:42:53 PST"]
[Termination "atalz0 won on time"]

1. e4 d5 2. exd5 Nf6 3. d4 Nxd5 4. Nf3 Bg4 5. Be2 e6 6. O-O Nc6 7. c4 Nb6 8. Be3 Bxf3 9. Bxf3 Nxc4 10. Bxc6+ bxc6 11. Qc2 Nb6 12. Qxc6+ Qd7 13. Qxd7+ Kxd7 14. Nc3 Bd6 15.
Rac1 Rhb8 16. b3 a5 17. Rc2 a4 18. Nxa4 Nxa4 19. bxa4 Rxa4 20. Rfc1 Rba8 21. g3 Rxa2 22.
Rxa2 Rxa2 23. Kg2 Ra4 24. Kf3 h5 25. h4 g6 26. Rb1 Kc6 27. Rb8 Ra5 28. Rh8 Rf5+ 29.
Ke2 Kd5 30. Kd3 e5 31. dxe5 Bxe5 32. Rd8+ Bd6 33. Bf4 Ke6 34. Bxd6 cxd6 35. Ke3 Ra5 36.
Re8+ Kf5 37. Rd8 Ra3+ 38. Ke2 Ke6 39. Re8+ Kd5 40. Rf8 Ra7 41. Rb8 Kc4 42. Rc8+ Kd4 43. Rb8 d5 44. Rb2 Kc3 45. Rd2 d4 46. Rd3+ Kc4 47. Rd1 Ra2+ 48. Kf3 Kc3 49. Ke4 Re2+ 50. Kf3 Rd2 51. Ra1 d3 52. Ra7 Rb2 53. Rc7+ Kd2 54. Rxf7 Ke1 55. Re7+ Re2 56. Rd7 d2 0-1

[Event "*** Titled Tuesday Blitz"]
[Site "Chess.com"]
[Date "2021.02.16"]
[Round "4"]
[White "zurzan"]
[Black "bsnsun"]
[Result "1-0"]
[WhiteElo "2042"]
[BlackElo "2435"]
[TimeControl "180+1"]
[EndTime "10:42:54 PST"]
[Termination "zurzan won by resignation"]

1. f4 d6 2. Nf3 Nc6 3. g3 e5 4. fxe5 dxe5 5. d3 f5 6. Nc3 Nf6 7. Bg5 Bc5 8. Qd2 h6 9. Be3 Bb4 10. a3 Ba5 11. b4 Bb6 12. Bxb6 axb6 13. b5 Nd4 14. Nxe5 Qe7 15. Ng6 Nf3+ 16. Kd1 Nxd2 17. Nxe7 Nxf1 18. Nxc8 Ne3+ 19. Kd2 Neg4 20. h3 Ne5 21. Nxb6 cxb6 22. Rhf1 O-O 23. a4 g6 24. Rae1 Rac8 25. Nd1 Rfd8 26. Kc1 Ra8 27. Nb2 Rdc8 28.
c4 Nd5 29. Kd2 Nf6 30. e4 Re8 31. exf5 gxf5 32. Kc3 Kg7 33. Rxf5 Ng6 34. Rxe8 Rxe8 35. Rf3 Re2 36. Nd1 Ne5 37. Rf4 Ra2 38. Nb2 Ra3+ 39. Kc2 Ra2 40. Kb3 Ra1 41. Rd4 Rg1 42. Rd6 Rxg3 43.
Rxb6 Nxd3 44. Rxb7+ Kg6 45. Nxd3 Rxd3+ 46. Kb4 Rxh3 47.
a5 Rh4 48. a6 Rh1 49. a7 Rb1+ 50. Kc5 Ra1 51. b6 Ne4+ 52. Kd4 Nd6 53. Rc7 Ra4 54.
Rc6 Kg5 55. Rxd6 h5 56. b7 Rxa7 57. b8=Q Rg7 58. Qd8+ 1-0

[Event "*** Titled Tuesday Blitz"]
[Site "Chess.com"]
[Date "2021.02.16"]
[Round "4"]
[White "Ave_Mariia"]
[Black "Taktikmonster"]
[Result "1/2-1/2"]
[WhiteElo "2479"]
[BlackElo "2344"]
[TimeControl "180+1"]
[EndTime "10:42:55 PST"]
[Termination "Game drawn - insufficient material"]

1. d4 Nf6 2. c4 e6 3. g3 Bb4+ 4. Bd2 Bxd2+ 5. Nxd2 O-O 6. Ngf3 b6 7. Bg2 Bb7 8. O-O d6 9. Qc2 c5 10. e4 cxd4 11. Nxd4 Nc6 12. Nb5 a6 13. Nc3 Qc7 14. Rad1 Nd4 15. Qd3 e5 16. f4 Rfd8 17. Kh1 Rac8 18.
Nd5 Nxd5 19. exd5 b5 20. cxb5 axb5 21. Ne4 Bxd5 22. Ng5 Bxg2+ 23. Kxg2 Qc2+ 24. Rf2 Qxd3 25. Rxd3 f6 26. Ne4 d5 27. Nc3 b4 28. Na4 Ra8 29. b3 Ne6 30. f5 Ng5 31. Rfd2 d4 32. h4 Ne4 33. Rd1 Nc3 34. R1d2 Nxa4 35. bxa4 Rxa4 36. Kf3 Rda8 37. Rb2 Rxa2 38. Rxb4 R2a3 39. Rdb3 h5 40. Ke4 Rxb3 41. Rxb3 Kh7 42. Kd5 Ra2 43. Ke6 e4 44. Kd5 e3 45. Kxd4 e2 46. Re3 g6 47. Ke4 Kh6 48. Kf4 g5+ 49. hxg5+ fxg5+ 50. Ke5 h4 51. gxh4 gxh4 52. f6 Kg5 53. f7 Ra8 54. Ke6 Rf8 55. Ke7 Rxf7+ 56. Kxf7 h3 57. Rxe2 Kg4 58. Kf6 Kg3 59.
Kf5 h2 60. Re1 Kg2 61. Kf4 h1=Q 62. Rxh1 Kxh1 1/2-1/2

[Event "*** Titled Tuesday Blitz"]
[Site "Chess.com"]
[Date "2021.02.16"]
[Round "4"]
[White "bakki78"]
[Black "Shuvalov"]
[Result "1/2-1/2"]
[WhiteElo "2714"]
[BlackElo "2527"]
[TimeControl "180+1"]
[EndTime "10:42:56 PST"]
[Termination "Game drawn - insufficient material"]

1. e4 e6 2. d4 d5 3. Nd2 c5 4. exd5 exd5 5. Ngf3 Nc6 6. Bb5 Qe7+ 7. Be2 Qc7 8. O-O Nf6 9. c4 cxd4 10. cxd5 Nxd5 11. Bc4 Nb6 12. Bb3 Be7 13. Ne4 O-O 14. Nxd4 Nxd4 15. Qxd4 Bf5 16. Bf4 Qc6 17. Ng3 Bg6 18.
Rac1 Qf6 19. Be5 Qh4 20. Bxg7 Rfd8 21. Qxh4 Bxh4 22. Bc3 Nd5 23. Bd2 Bf6 24. Bxd5 Rxd5 25. Bc3 Bg5 26. Rcd1 Rad8 27. Rxd5 Rxd5 28. Re1 f5 29.
Nf1 f4 30. Nd2 Kf7 31. h3 b5 32. Re5 Rxe5 33. Bxe5 Ke6 34. Bb8 a5 35. Nb3 Bf6 36.
Nxa5 Bxb2 37. Nb7 Bb1 38. a4 b4 39. Bxf4 Bd4 40. Na5 Bc2 41. Bd2 Bc3 42. Bxc3 bxc3 43.
Kf1 Bxa4 44. Ke1 Kd5 45. Nb7 Kd4 46. Nd6 Bc6 47. f3 Kd3 48. Kd1 Ba4+ 49. Kc1 Ke3 50. Ne4 c2 51. Nf6 h6 52. Ng4+ Kf4 53. Nxh6 Kg3 54.
f4 Bd7 55. f5 Kxg2 56. f6 Be6 57. h4 Kh3 58. Nf5 Kg4 59. Nd4 Bf7 60. Kxc2 Kxh4 61. Kd3 Kg5 62. Ke4 Kxf6 1/2-1/2

[Event "*** Titled Tuesday Blitz"]
[Site "Chess.com"]
[Date "2021.02.16"]
[Round "4"]
[White "Atco84"]
[Black "jaramsdal"]
[Result "1-0"]
[WhiteElo "2454"]
[BlackElo "2303"]
[TimeControl "180+1"]
[EndTime "10:42:56 PST"]
[Termination "Atco84 won on time"]

1. d4 Nf6 2. c4 e6 3. g3 d5 4. Nf3 Be7 5. Bg2 O-O 6. O-O dxc4 7.
Qc2 a6 8. Qxc4 b5 9. Qc2 Bb7 10. Bf4 Nd5 11. Nbd2 Nxf4 12. gxf4 Nd7 13. Nb3 Rc8 14.
Na5 Bxf3 15. Bxf3 c5 16. Nc6 Qe8 17. a4 cxd4 18. axb5 axb5 19. Qb3 b4 20. Qc4 Bf6 21. Qxb4 Nb8 22. Ne5 Qd8 23. Ng4 Be7 24. Qb5 Rc5 25.
Qd3 h5 26. Ne5 Nd7 27. Ra8 Nxe5 28. fxe5 Qc7 29. Rxf8+ Bxf8 30. Qxd4 Rxe5 31. Rd1 Rg5+ 32.
Kh1 g6 33. b3 Bg7 34. Qc4 Qxc4 35. bxc4 Rc5 36. Rc1 Bh6 37. Rc2 Kf8 38. Bb7 Ke7 39. Kg2 e5 40. Bd5 f5 41. e3 g5 42. Ra2 Rc7 43. Ra6 Bg7 44. Be6 f4 45. Kf3 Bf6 46. Ke4 g4 47. Bf5 fxe3 48. fxe3 Rxc4+ 49. Kd5 Rc7 50. Re6+ Kf7 51. Rb6 Re7 52. Ke4 Kg7 53. Rc6 h4 54. Bxg4 Ra7 55. Bh5 Ra4+ 56. Kf5 Bd8 57. Rg6+ Kh7 58. Rd6 1-0

[Event "*** Titled Tuesday Blitz"]
[Site "Chess.com"]
[Date "2021.02.16"]
[Round "4"]
[White "chesslh19"]
[Black "ObligatePawnivore"]
[Result "0-1"]
[WhiteElo "2234"]
[BlackElo "1772"]
[TimeControl "180+1"]
[EndTime "10:42:56 PST"]
[Termination "ObligatePawnivore won on time"]

1. e4 e6 2. d4 d5 3. Nd2 Be7 4. Bd3 c5 5. dxc5 Nf6 6. Qe2 O-O 7. Ngf3 a5 8. a4 Na6 9. Nb3 dxe4 10. Bxe4 Nxe4 11.
Qxe4 Nxc5 12. Nxc5 Bxc5 13. O-O h6 14. Be3 Qc7 15. Nd4 Bd7 16. Nb5 Qb6 17. Bxc5 Qxc5 18. Qd4 Qxd4 19. Nxd4 Rfd8 20. c4 Rac8 21. b3 e5 22. Nb5 Bf5 23. Rfe1 f6 24. Nc3 Rd3 25. Nd5 Kf7 26. Re3 Rxe3 27. fxe3 Bc2 28. Ra3 Ke6 29. Kf2 f5 30. Ke1 g5 31. g3 Be4 32.
Nc3 Bc6 33. Ra1 f4 34. exf4 gxf4 35. gxf4 exf4 36. Kf2 Rd8 37. Re1+ Kf5 38. Rd1 Rg8 39. Rg1 Rxg1 40. Kxg1 Kg4 41. Kf2 Kh3 42. Kg1 f3 43. Nd1 h5 44. Nf2+ Kh4 45. Nd3 Kg5 46. b4 axb4 47.
Nxb4 Bxa4 48. Kf2 Kf4 49. Nd5+ Ke4 50. Nf6+ Kd4 51. Nxh5 Kxc4 52. Nf6 b5 53. Kxf3 b4 54. Ke3 Bc6 55. Kd2 Kb3 0-1

[Event "*** Titled Tuesday Blitz"]
[Site "Chess.com"]
[Date "2021.02.16"]
[Round "4"]
[White "TigrVShlyape"]
[Black "DenisQ"]
[Result "1-0"]
[WhiteElo "2918"]
[BlackElo "2664"]
[TimeControl "180+1"]
[EndTime "10:42:57 PST"]
[Termination "TigrVShlyape won by resignation"]

1. d4 d5 2. Nf3 Nf6 3. Bf4 c5 4. e3 cxd4 5. exd4 Nc6 6. c3 Bg4 7. Nbd2 e6 8. Be2 Bd6 9. Bxd6 Qxd6 10. O-O O-O 11. Re1 Rab8 12. a4 a6 13. a5 Qc7 14.
Qa4 Rfc8 15. Bf1 Bxf3 16. Nxf3 Ne4 17. Bd3 Nd6 18. Nd2 b5 19. axb6 Rxb6 20. Ra2 a5 21.
g3 Rcb8 22. Qc2 g6 23. Nf3 Qd8 24. Kg2 Kg7 25. h4 h6 26. Qc1 Qf6 27. Ne5 Qd8 28.
Ng4 h5 29. Qh6+ Kg8 30. Ne5 Nxe5 31. dxe5 Ne4 32. Re2 Qc7 33. Qf4 Nc5 34. Bb1 a4 35.
g4 hxg4 36. Qxg4 Kf8 37. Qf4 Ke8 38. Bc2 Rxb2 39. Bxa4+ Nxa4 40. Qxa4+ R2b5 41. Reb2 Qd7 42. Rxb5 Qxb5 43. Qf4 Qc4 44. Qxc4 dxc4 45. Ra4 Rb5 46.
f4 Rc5 47. Kf3 Kf8 48. Ke4 Rc8 49. Kd4 Rd8+ 50. Kxc4 Rd1 51. Kb5 Rb1+ 52. Rb4 Rf1 53. Rd4 Rh1 54. c4 Rxh4 55. c5 g5 56. c6 1-0

[Event "*** Titled Tuesday Blitz"]
[Site "Chess.com"]
[Date "2021.02.16"]
[Round "4"]
[White "XDPS"]
[Black "TregubovP"]
[Result "0-1"]
[WhiteElo "2729"]
[BlackElo "2538"]
[TimeControl "180+1"]
[EndTime "10:42:57 PST"]
[Termination "TregubovP won on time"]

1. e4 e6 2. d4 d5 3. Nc3 Bb4 4.
Ne2 dxe4 5. a3 Be7 6. Nxe4 Nf6 7. Nxf6+ Bxf6 8. Be3 O-O 9. Qd2 b5 10. Nf4 Bd7 11. Bd3 Bc6 12. O-O-O a5 13. h4 b4 14. axb4 axb4 15. Qxb4 Ra1+ 16. Kd2 Ra4 17. Qc5 Bxd4 18. Bxd4 Qxd4 19. Qxd4 Rxd4 20. Ke3 e5 21. Ne2 Rg4 22. Rh2 Rxg2 23. Rxg2 Bxg2 24. f3 Bh3 25. Ra1 Nc6 26. c3 f5 27. Ra6 Ne7 28. Bc4+ Kh8 29. Re6 f4+ 30. Ke4 Bxe6 31. Bxe6 Nc6 32. Bd5 Rf6 33. b4 h6 34. b5 Ne7 35. Bb3 g5 36. hxg5 hxg5 37.
Kxe5 Rb6 38. c4 Kg7 39. Nd4 Rh6 40. Ne6+ Kg6 41. Nxc7 Rh3 42. Bc2+ Kh5 43. Be4 g4 44. fxg4+ Kxg4 45. Ke6 Re3 46. Kxe7 Rxe4+ 47. Kd6 Rxc4 48. Na6 f3 49. b6 Rc8 50. b7 Rh8 51. Nc5 f2 52.
Nd3 f1=Q 53. Ne5+ Kf5 54. Nc6 Qf4+ 55. Kc5 Qe3+ 56. Kb5 Qb3+ 57. Ka6 Qa4+ 58. Kb6 Ke6 59. Na7 Kd5 0-1

[Event "*** Titled Tuesday Blitz"]
[Site "Chess.com"]
[Date "2021.02.16"]
[Round "4"]
[White "Novoselski"]
[Black "MFBerna"]
[Result "1/2-1/2"]
[WhiteElo "2321"]
[BlackElo "2493"]
[TimeControl "180+1"]
[EndTime "10:42:57 PST"]
[Termination "Game drawn by repetition"]

1. e4 c5 2. Nf3 Nc6 3. Nc3 e6 4.
Bb5 Nge7 5. O-O a6 6. Bxc6 Nxc6 7. d4 cxd4 8. Nxd4 Qc7 9. Re1 Bc5 10. Be3 Nxd4 11.
Bxd4 O-O 12. Bxc5 Qxc5 13. e5 b5 14. Qf3 Rb8 15. Qg3 Bb7 16. a3 a5 17. Rad1 b4 18.
axb4 axb4 19. Ne2 Qxc2 20. Nf4 Bc6 21. b3 Ra8 22. Rc1 Qf5 23. Nd3 Rfb8 24. Nc5 Ra3 25.
Red1 Rba8 26. h4 Bd5 27. Rd4 Ra1 28. Qe3 Qc2 29. Rdd1 Rxc1 30. Rxc1 Qb2 31. Nxd7 h6 32. Nb6 Ra1 33. Rxa1 Qxa1+ 34. Kh2 Bb7 35. Nd7 Qf1 36.
f3 Qd1 37. Nc5 Bd5 38. Na6 Qxb3 39. Qxb3 Bxb3 40. Nxb4 g5 41. Kg3 Kg7 42. hxg5 hxg5 43. f4 gxf4+ 44. Kxf4 Bc4 45. g3 Kg6 46. Nc6 Kg7 47.
Nd4 Bd5 48. Nc2 Kg6 49. Ne3 Bc6 50. g4 Kg7 51. g5 Bb5 52. Ng4 Bd3 53. Nf6 Kg6 54.
Nd7 Bc4 55. Nf6 Bd3 56. Nd7 Bc4 57. Nf6 Bd3 1/2-1/2

[Event "*** Titled Tuesday Blitz"]
[Site "Chess.com"]
[Date "2021.02.16"]
[Round "4"]
[White "JuliaEfremova"]
[Black "Tpros"]
[Result "0-1"]
[WhiteElo "2228"]
[BlackElo "2474"]
[TimeControl "180+1"]
[EndTime "10:42:57 PST"]
[Termination "Tpros won by resignation"]

1. d4 g6 2. Bf4 Bg7 3. Nc3 d6 4. Qd2 h6 5. O-O-O e6 6. h4 Ne7 7. g4 Nd7 8. Bg2 a6 9. e3 Rb8 10. Bg3 b5 11. f4 Nb6 12. h5 b4 13. Nb1 a5 14. hxg6 fxg6 15. Bh4 Nc4 16. Qd3 d5 17. Bxe7 Qxe7 18. Qxg6+ Qf7 19. Qxf7+ Kxf7 20. Nf3 Nxe3 21.
Rd2 Nxg4 22. Ne5+ Bxe5 23. fxe5 Ba6 24. Bf3 h5 25. Rg2 Rbg8 26. Nd2 a4 27. b3 a3 28. c3 Bd3 29. cxb4 Bf5 30. Nb1 Rb8 31. Nxa3 Ne3 32. Rgh2 Rxb4 33. Rxh5 Rxh5 34. Bxh5+ Kg7 35. Rg1+ Kf8 36.
Kd2 Rxd4+ 37. Kxe3 Re4+ 38. Kd2 Rxe5 39. Nb5 c6 40.
Nd6 Bh7 41. Rf1+ Ke7 42. Nf7 Rxh5 43. a4 Bg6 44. a5 Bxf7 45. a6 Rh8 46. a7 Ra8 47.
Ra1 Kd6 48. Kc3 Kc5 49. b4+ Kb5 50. Ra5+ Kb6 51. Kd4 Rxa7 52. Rc5 Ra4 53. Ke5 Rxb4 54. Rc1 Re4+ 55. Kf6 Bh5 56. Ke7 Rc4 57. Kd6 Rxc1 0-1

[Event "*** Titled Tuesday Blitz"]
[Site "Chess.com"]
[Date "2021.02.16"]
[Round "4"]
[White "rugbyclub"]
[Black "annacramling"]
[Result "1-0"]
[WhiteElo "2301"]
[BlackElo "2118"]
[TimeControl "180+1"]
[EndTime "10:42:57 PST"]
[Termination "rugbyclub won by resignation"]

1. e4 c5 2. Nc3 Nc6 3. Bb5 e5 4.
Bxc6 dxc6 5. d3 Nf6 6. f4 Bd6 7. Nf3 Qc7 8. fxe5 Bxe5 9. Nxe5 Qxe5 10. O-O O-O 11. Bf4 Qd4+ 12. Kh1 Ng4 13. Qf3 f5 14.
Qg3 fxe4 15. Nxe4 Bf5 16. h3 Nf6 17. Be5 Nh5 18. Bxd4 Nxg3+ 19. Nxg3 cxd4 20. Nxf5 Rae8 21. Nxd4 Rxf1+ 22. Rxf1 c5 23. Nf3 Re2 24. Rc1 Kf7 25. Kg1 Kf6 26. Kf1 Re6 27. Re1 Ra6 28. a3 Rb6 29. b3 Rd6 30. Kf2 b5 31. Re4 a5 32.
a4 bxa4 33. Rxa4 Ra6 34. g4 Ke6 35. Ke3 Kd5 36. c4+ Kd6 37. Ng5 h6 38. Ne4+ Kc6 39. h4 Ra7 40. d4 cxd4+ 41. Kxd4 Rd7+ 42. Ke3 Kb6 43. Ra2 Re7 44. Rd2 Kc7 45. Rd5 Kb6 46.
Rb5+ Ka6 47. Kd4 Rd7+ 48. Rd5 Re7 49. g5 hxg5 50. hxg5 Kb6 51. g6 Ka6 52. Rd6+ Kb7 53. Kd5 Rc7 54. c5 Re7 55. Ng5 Kc7 56. Ne6+ Kb7 57.
c6+ Kb6 58. Rd7 Re8 59. c7 a4 60. bxa4 Ka5 61. Rd8 1-0

[Event "*** Titled Tuesday Blitz"]
[Site "Chess.com"]
[Date "2021.02.16"]
[Round "4"]
[White "RamyresCoelho"]
[Black "stepanosinovsky"]
[Result "0-1"]
[WhiteElo "2066"]
[BlackElo "2284"]
[TimeControl "180+1"]
[EndTime "10:42:57 PST"]
[Termination "stepanosinovsky won by checkmate"]

1. e4 e5 2. Nf3 Nc6 3. d4 exd4 4. Bc4 Nf6 5. e5 d5 6. Bb5 Ne4 7. Nxd4 Bd7 8. Bxc6 bxc6 9. O-O Bc5 10. f3 Ng5 11.
f4 Ne4 12. Nc3 Nxc3 13. bxc3 O-O 14. Be3 Bb6 15. Qd2 c5 16. Nf3 Bf5 17. Qf2 Qe7 18. Rfd1 Rfd8 19. Rd2 Rd7 20. Rad1 Rad8 21. h3 h6 22. g4 Be4 23. Qg3 d4 24. cxd4 cxd4 25. Nxd4 Qa3 26. Nb3 Bxc2 27. Rxd7 Rxd7 28. Rxd7 Bxb3 29.
Bxb6 Qc1+ 30. Kh2 Ba4 31. Rd8+ Kh7 32. Bf2 Bc6 33. Qd3+ g6 34. Kg3 Qh1 35. e6 Qg2+ 36.
Kh4 Qxf2+ 37. Qg3 g5+ 38. fxg5 hxg5+ 39. Kxg5 Qxg3 40. exf7 Qe5+ 41. Kh4 Qe7+ 42. Kh5 Qxf7+ 43. Kg5 Qe7+ 44. Kf5 Qxd8 45. g5 Qd5+ 46. Kf6 Qd4+ 47. Kf7 Qf4+ 48. Ke7 Qe5+ 49. Kd8 Qd6+ 50. Kc8 Qd7+ 51. Kb8 Be4 52. Kxa7 c5+ 53. Ka6 c4 54. Ka5 Qb7 55. a4 c3 56. h4 Qc7+ 57. Kb4 c2 58. h5 c1=Q 59. g6+ Kh6 60. g7 Q1c3+ 61. Kb5 Q3c5+ 62. Ka6 Q7a7# 0-1